 Dungeon Crawl Stone Soup version 0.21.1-1-g345015f (webtiles) character file.

98 theblackcape the Digger (level 4, -1/32 HPs)
             Began as a Gnoll Wanderer on June 23, 2018.
             Slain by an orc wizard
             ... wielding a +0 dagger
              (3 damage)
             ... on level 2 of the Dungeon.
             The game lasted 00:11:18 (2593 turns).

theblackcape the Digger (Gnoll Wanderer)            Turns: 2593, Time: 00:11:19

Health: -1/32      AC:  5    Str: 12 (15) XL:     4   Next: 71%
Magic:  11/11      EV: 11    Int: 15 (16) God:
Gold:   58         SH:  0    Dex: 12 (13) Spells: 5/13 levels left

rFire    . . .     SeeInvis .   o - +0 short sword
rCold    . . .     Gourm    .   c - +1 buckler
rNeg     . . .     Faith    .   d - +0 robe
rPois    .         Spirit   .   (no helmet)
rElec    .         Reflect  .   (no cloak)
rCorr    .         Harm     .   (no gloves)
MR       .....                  (no boots)
Stlth    +.........             (no amulet)
HPRegen  0.10/turn              p - +3 ring of protection
MPRegen  0.12/turn              (no ring)

@: confused
A: distributed training, fangs 1, strong nose
a: no special abilities


You were on level 2 of the Dungeon.
You were not hungry.

You visited 1 branch of the dungeon, and saw 3 of its levels.

You collected 58 gold pieces.

Inventory:

Hand Weapons
 o - a +0 short sword (weapon)
Missiles
 l - 2 throwing nets (quivered)
 q - 3 javelins
Armour
 c - a +1 buckler (worn)
 d - a +0 robe (worn)
Jewellery
 p - a +3 ring of protection (left hand)
Scrolls
 e - 2 scrolls of remove curse {unknown}
 g - 4 scrolls of identify
 h - a scroll of amnesia {unknown}
 i - a scroll of enchant armour
 j - 2 scrolls of noise {unknown}
 k - 2 scrolls of teleportation {unknown}
 s - a scroll of enchant weapon {unknown}
Potions
 m - a potion of degeneration
 n - a potion of curing {unknown}
 r - a potion of heal wounds {unknown}
Books
 a - a book of Spatial Translocations

   Spells                             Type                      Level
   a - Blink                          Translocation                2
   b - Shroud of Golubria             Charms/Translocation         2
   c - Lesser Beckoning               Translocation                3
   d - Gell's Gravitas                Translocation                3
   e - Teleport Other                 Translocation                3
   f - Passage of Golubria            Translocation                4
 b - the Handbook of Poisoning

   Spells                             Type                      Level
   a - Sting                          Conjuration/Poison           1
   b - Spider Form                    Transmutation/Poison         3
Comestibles
 f - 2 rations
 t - 2 chunks of flesh


   Skills:
 + Level 1.2 Fighting
 + Level 1.2 Short Blades
 + Level 1.2 Long Blades
 + Level 1.2 Axes
 + Level 1.2 Maces & Flails
 + Level 1.2 Polearms
 + Level 1.2 Staves
 + Level 1.2 Slings
 + Level 1.2 Bows
 + Level 1.2 Crossbows
 + Level 1.2 Throwing
 + Level 1.2 Armour
 + Level 1.2 Dodging
 + Level 1.2 Stealth
 + Level 2.8 Shields
 + Level 1.2 Unarmed Combat
 + Level 5.1 Spellcasting
 + Level 1.0 Conjurations
 + Level 1.0 Hexes
 + Level 1.0 Charms
 + Level 1.0 Summonings
 + Level 1.0 Necromancy
 + Level 5.5 Translocations
 + Level 1.0 Transmutations
 + Level 1.0 Fire Magic
 + Level 1.0 Ice Magic
 + Level 1.0 Air Magic
 + Level 5.5 Earth Magic
 + Level 1.0 Poison Magic
 + Level 1.3 Invocations
 + Level 2.8 Evocations


You had 5 spell levels left.
You knew the following spells:

 Your Spells              Type           Power        Failure   Level  Hunger
a - Sting                 Conj/Pois      #...         12%         1    None
b - Shroud of Golubria    Chrm/Tloc      ##........   8%          2    ##.....
c - Blink                 Tloc           N/A          3%          2    ##.....
d - Teleport Other        Tloc           ###.....     6%          3    ###....


Dungeon Overview and Level Annotations

Branches:
Dungeon (3/15)

Altars:
Elyvilon
Uskayaw

Annotations:
D:3 p0werm0de's ghost, weakling DsWn


Innate Abilities, Weirdness & Mutations

Your experience applies equally to all skills.
You have very sharp teeth.
Your uncanny sense of smell can sniff out nearby items.


Message History

You hear some strange, mumbled words.
You are more confused.
You bump into the rock wall.
Something hits you but does no damage.
You bump into the rock wall.
Something hits you. Something hits you.
You see here a spear.
You completely miss something. Something hits you but does no damage.
You closely miss something.
You hear some strange, mumbled words.
You are more confused.
You're too confused to move!
Something hits you but does no damage. Something hits you.
* * * LOW HITPOINT WARNING * * *
It was a potion of degeneration.
There was something very wrong with that liquid.
You feel weakened.
You feel dopey.
You feel clumsy. Something hits you.
* * * LOW HITPOINT WARNING * * *
Something hits you.
You die...

######## .......# ######.#
######.# ##...#.#############
...#.#.#.........)>#####
##...#.#.####...@).....#
###...........####.###.##
#........###### #.##...#####
#.####.### #.##.#.....# #.# #.#
#.##...###.# #.# #.# #.###### #.#
#.# #.#### #..## #.# #.####....#
##.#.## #.#####
#.#.....#.#######..##.#####......


There were no monsters in sight!

Vanquished Creatures
  4 gnolls
  A worm (D:3)
  2 dart slugs (D:1)
  2 leopard geckos
  An orc (D:2)
  A giant cockroach (D:2)
  4 goblins
  5 hobgoblins
  2 jackals (D:1)
  10 bats
  4 frilled lizards
  6 kobolds
  11 rats
53 creatures vanquished.

Notes
Turn   | Place    | Note
-------+----------+-------------------------------------------
     0 | D:1      | theblackcape the Gnoll Wanderer began the quest for the Orb.
     0 | D:1      | theblackcape set off with: a book of Spatial Translocations, the Handbook of Poisoning, a +0 buckler, a +0 robe, a +0 club, a ration
     0 | D:1      | Reached XP level 1. HP: 13/13 MP: 6/6
     0 | D:1      | Identified the Handbook of Poisoning
     2 | D:1      | Learned a level 1 spell: Sting
    39 | D:1      | Reached XP level 2. HP: 19/19 MP: 1/7
   315 | D:1      | Reached XP level 3. HP: 18/25 MP: 3/9
   323 | D:1      | Learned a level 2 spell: Shroud of Golubria
   326 | D:1      | Learned a level 2 spell: Blink
   330 | D:1      | Learned a level 3 spell: Teleport Other
   379 | D:1      | Reached skill level 5 in Spellcasting
   795 | D:1      | Reached skill level 1 in Invocations
  1067 | D:2      | Noticed a dagger
  1067 | D:2      | Found a hide-covered altar of Uskayaw.
  1068 | D:2      | Noticed a hand axe
  1243 | D:2      | Reached skill level 1 in Fighting
  1243 | D:2      | Reached skill level 1 in Short Blades
  1243 | D:2      | Reached skill level 1 in Long Blades
  1243 | D:2      | Reached skill level 1 in Axes
  1243 | D:2      | Reached skill level 1 in Maces & Flails
  1243 | D:2      | Reached skill level 1 in Polearms
  1243 | D:2      | Reached skill level 1 in Staves
  1243 | D:2      | Reached skill level 1 in Slings
  1243 | D:2      | Reached skill level 1 in Bows
  1243 | D:2      | Reached skill level 1 in Crossbows
  1243 | D:2      | Reached skill level 1 in Throwing
  1243 | D:2      | Reached skill level 1 in Armour
  1243 | D:2      | Reached skill level 1 in Dodging
  1243 | D:2      | Reached skill level 1 in Stealth
  1243 | D:2      | Reached skill level 1 in Unarmed Combat
  1340 | D:2      | Found a white marble altar of Elyvilon.
  1374 | D:2      | Reached XP level 4. HP: 32/32 MP: 11/11
  1859 | D:3      | Noticed p0werm0de's ghost (weakling DsWn)
  2574 | D:3      | Reached skill level 1 in Conjurations
  2574 | D:3      | Reached skill level 1 in Hexes
  2574 | D:3      | Reached skill level 1 in Charms
  2574 | D:3      | Reached skill level 1 in Summonings
  2574 | D:3      | Reached skill level 1 in Necromancy
  2574 | D:3      | Reached skill level 1 in Transmutations
  2574 | D:3      | Reached skill level 1 in Fire Magic
  2574 | D:3      | Reached skill level 1 in Ice Magic
  2574 | D:3      | Reached skill level 1 in Air Magic
  2574 | D:3      | Reached skill level 1 in Poison Magic
  2593 | D:2      | Slain by an orc wizard

Skill      XL: |  1  2  3  4 |
---------------+-------------+-----
Spellcasting   | 5 |  5.1
Invocations    | 1 |  1.3
Fighting       | 1 |  1.2
Short Blades   | 1 |  1.2
Long Blades    | 1 |  1.2
Axes           | 1 |  1.2
Maces & Flails | 1 |  1.2
Polearms       | 1 |  1.2
Staves         | 1 |  1.2
Slings         | 1 |  1.2
Bows           | 1 |  1.2
Crossbows      | 1 |  1.2
Throwing       | 1 |  1.2
Armour         | 1 |  1.2
Dodging        | 1 |  1.2
Stealth        | 1 |  1.2
Unarmed Combat | 1 |  1.2
Conjurations   | 1 |  1.0
Hexes          | 1 |  1.0
Charms         | 1 |  1.0
Summonings     | 1 |  1.0
Necromancy     | 1 |  1.0
Transmutations | 1 |  1.0
Fire Magic     | 1 |  1.0
Ice Magic      | 1 |  1.0
Air Magic      | 1 |  1.0
Poison Magic   | 1 |  1.0
Shields        | |  2.8
Translocations | |  5.5
Earth Magic    | |  5.5
Evocations     | |  2.8

Action                   |  1- 3 |  4- 6 || total
-------------------------+-------+-------++-------
Melee: Dagger            |    26 |       ||    26
       Club              |     3 |       ||     3
       Bite              |     4 |     4 ||     8
       Short sword       |    28 |    64 ||    92
 Cast: Sting             |    45 |     2 ||    47
       Shroud of Golubri |     5 |       ||     5
       Blink             |       |     2 ||     2
  Use: Scroll            |     2 |       ||     2
       Potion            |       |     1 ||     1
 Stab: Sleeping          |     1 |       ||     1
  Eat: Chunk             |     1 |     2 ||     3
       Ration            |       |     1 ||     1
Armor: Robe              |    21 |    14 ||    35
Dodge: Dodged            |    34 |    28 ||    62
Block: Buckler           |    14 |    17 ||    31
